 Dungeon Crawl Stone Soup version 0.22.1-1-ga44c0e5 (webtiles) character file.

4712 bogdani the Cleaver (level 10, -4/90 HPs)
             Began as a Hill Orc Fighter on Sept 27, 2018.
             Was a Priest of Beogh.
             Slain by an unseen horror (8 damage)
             ... on level 10 of the Dungeon.
             The game lasted 00:50:38 (11328 turns).

bogdani the Cleaver (Hill Orc Fighter)             Turns: 11328, Time: 00:50:38

Health: -4/90      AC: 18    Str: 20    XL:     10   Next: 45%
Magic:  13/13      EV:  8    Int:  8    God:    Beogh [***...]
Gold:   501        SH: 11    Dex: 13    Spells: 9/9 levels left

rFire    . . .     SeeInvis .   m - -2 war axe (curse)
rCold    . . .     Gourm    .   c - +0 shield
rNeg     + . .     Faith    .   s - +3 scale mail {MR+}
rPois    .         Spirit   .   E - +0 helmet
rElec    .         Reflect  .   (no cloak)
rCorr    .         Harm     +   x - +0 pair of gloves
MR       +....                  (no boots)
Stlth    ..........             z - amulet of harm
HPRegen  0.25/turn              v - +4 ring of protection
MPRegen  0.13/turn              k - ring of positive energy

@: no status effects
A: no striking features
a: Smiting, Renounce Religion


You were on level 10 of the Dungeon.
You worshipped Beogh.
Beogh was most pleased with you.
You were near starving.

You visited 1 branch of the dungeon, and saw 10 of its levels.

You collected 501 gold pieces.

Inventory:

Hand Weapons
 a - a +0 war axe
 h - a +4 whip
 m - a cursed -2 war axe (weapon)
 r - a +1 flail of protection
Missiles
 w - 7 tomahawks (quivered)
Armour
 b - a +0 scale mail
 c - a +0 shield (worn)
 q - a +0 plate armour
 s - a +3 scale mail of magic resistance (worn)
 x - a +0 pair of gloves (worn)
 E - a +0 helmet (worn)
Jewellery
 e - a +1 ring of evasion {unknown}
 k - a ring of positive energy (right hand)
 n - an uncursed amulet of magic regeneration
 p - an uncursed ring of stealth
 v - a +4 ring of protection (left hand)
 z - an amulet of harm (around neck)
 G - a cursed ring of attention {unknown}
Wands
 i - a wand of paralysis (16)
 u - a wand of polymorph (17)
 D - a wand of iceblast (8)
Scrolls
 g - 3 scrolls of teleportation
 l - a scroll of fear
 y - a scroll of immolation
 B - a scroll of blinking
 C - a scroll of enchant weapon
Potions
 d - a potion of flight {unknown}
 j - a potion of brilliance {unknown}
 o - 2 potions of ambrosia {unknown}
 t - a potion of mutation {unknown}
 A - 2 potions of curing
 F - a potion of might
Comestibles
 f - 18 rations


   Skills:
 * Level 8.4 Fighting
 + Level 9.4(9.9) Axes
 + Level 4.1(6.5) Maces & Flails
 + Level 0.4 Throwing
 * Level 8.3 Armour
 * Level 9.3 Shields
 * Level 4.0 Invocations


You had 9 spell levels left.
You didn't know any spells.
Your spell library contained the following spells:

 Spells                   Type           Power        Failure   Level  Hunger
 Corona                   Hex            #......      92%         1    ##.....
 Flame Tongue             Conj/Fire      #....        92%         1    ##.....
 Ensorcelled Hibernation  Hex/Ice        #.....       98%         2    ###....
 Throw Flame              Conj/Fire      #.....       98%         2    ###....
 Confuse                  Hex            #.......     100%        3    ####...
 Conjure Flame            Conj/Fire      #.......     100%        3    ####...
 Dazzling Spray           Conj/Hex       #.....       100%        3    ####...
 Inner Flame              Hex/Fire       #.......     100%        3    ####...
 Tukima's Dance           Hex            #.......     100%        3    ####...
 Sticky Flame             Conj/Fire      #.......     100%        4    #####..
 Fireball                 Conj/Fire      #.........   100%        5    ######.


Dungeon Overview and Level Annotations

Branches:
Dungeon (10/15)            Temple (0/1) D:7             Orc (0/2) D:9
   Lair: D:8-11

Altars:
Ashenzari
Makhleb
Sif Muna
The Shining One


Message History

Something hits you. Something hits you but does no damage.
You miss something.
You feel sick. Something hits you but does no damage.
You closely miss something. Something hits you.
Something hits you but does no damage. x2
Your scale mail prevents you from hitting something.
Something hits you.
* * * LOW HITPOINT WARNING * * *
Something hits you but does no damage. Something hits you!
* * * LOW HITPOINT WARNING * * *
You hit something.
You feel sick. Something hits you!
* * * LOW HITPOINT WARNING * * *
Something hits you but does no damage. You block something's attack.
Something hits you but does no damage. x2
You slash something! You block something's attack. Something hits you.
* * * LOW HITPOINT WARNING * * *
You closely miss something.
You feel sick.
You are no longer poisoned.
Something hits you!
You die...

##......#
######.......##
#......(......#
#(####.......##
#.# ##......#
#.# #......#
#.# #.#.####
#.# #.#.# #.#
#.#@# #.###
#.#.# #####
#.#.###.#.#
#...
#.(#......###.#
#.###.........#
#.##
##..#####†###.#
..# ##.#
#.†...# ### .##
###.### .# .#


There were no monsters in sight!

Vanquished Creatures
  5 yaks (D:9)
  A water moccasin (D:9)
  4 orc warriors
  A swamp drake (D:9)
  A sky beast (D:9)
  A black bear (D:6)
  3 ogres
  An eye of draining (D:10)
  A necrophage (D:5)
  2 centaurs
  3 bullfrogs
  2 scorpions (D:9)
  3 killer bees (D:10)
  3 howler monkeys
  An electric eel (D:7)
  3 crimson imps
  3 bullfrog zombies
  4 hounds
  10 orc priests
  3 jellies (D:8)
  7 orc wizards
  A bullfrog skeleton (D:5)
  3 iron imps (D:9)
  Terence (D:3)
  4 iguanas
  5 worker ants
  10 gnolls
  2 howler monkey skeletons
  9 adders
  2 shadow imps (D:10)
  7 oozes
  An adder skeleton (D:10)
  5 worms
  10 dart slugs
  11 leopard geckos
  35 orcs
  5 giant cockroaches
  3 goblins
  10 hobgoblins
  8 jackals (D:6)
  3 quokkas
  A ball python (D:2)
  9 bats
  7 frilled lizards
  2 kobolds
  A leopard gecko zombie (D:7)
  6 rats
223 creatures vanquished.

Vanquished Creatures (others)
  An unseen horror (D:10)
  2 yaks (D:9)
  An orc priest (D:6)
  A crimson imp (D:6)
  A worm (D:6)
  An orc (D:6)
  2 jackals (D:6)
9 creatures vanquished.

Grand Total: 232 creatures vanquished

Notes
Turn   | Place    | Note
-------+----------+-------------------------------------------
     0 | D:1      | bogdani the Hill Orc Fighter began the quest for the Orb.
     0 | D:1      | Reached XP level 1. HP: 19/19 MP: 1/1
   413 | D:1      | Reached XP level 2. HP: 27/27 MP: 2/2
   955 | D:2      | Reached XP level 3. HP: 27/33 MP: 3/3
  1244 | D:1      | Reached XP level 4. HP: 11/40 MP: 4/4
  1514 | D:2      | Reached XP level 5. HP: 29/46 MP: 5/5
  1769 | D:2      | Found a glowing golden altar of the Shining One.
  2231 | D:3      | Noticed Terence
  2251 | D:3      | Killed Terence
  2851 | D:4      | Reached skill level 5 in Shields
  2851 | D:4      | Reached XP level 6. HP: 52/53 MP: 6/6
  2898 | D:4      | Reached skill level 1 in Maces & Flails
  3702 | D:5      | Entered Level 5 of the Dungeon
  3853 | D:5      | Reached skill level 5 in Fighting
  3853 | D:5      | Reached skill level 5 in Armour
  3853 | D:5      | Reached XP level 7. HP: 26/61 MP: 7/7
  4463 | D:5      | Found a deep blue altar of Sif Muna.
  5073 | D:6      | Became a worshipper of Beogh the Brigand
  5446 | D:6      | Reached XP level 8. HP: 46/68 MP: 8/8
  6787 | D:7      | Reached * piety under Beogh
  6946 | D:7      | Found a staircase to the Ecumenical Temple.
  6969 | D:7      | Reached skill level 5 in Axes
  8033 | D:7      | Found a shattered altar of Ashenzari.
  8162 | D:7      | Reached XP level 9. HP: 66/78 MP: 9/9
  8428 | D:8      | Noticed a two-headed ogre
  8487 | D:8      | Reached ** piety under Beogh
  9275 | D:9      | Reached skill level 1 in Invocations
 10109 | D:9      | Found a staircase to the Orcish Mines.
 10113 | D:9      | Reached XP level 10. HP: 70/88 MP: 12/12
 10301 | D:9      | Reached *** piety under Beogh
 10462 | D:9      | Found a burning altar of Makhleb.
 10977 | D:10     | Entered Level 10 of the Dungeon
 11080 | D:10     | Killed an unseen horror
 11327 | D:10     | HP: 4/90 [something (1)]
 11328 | D:10     | Slain by an unseen horror

Skill      XL: |  1  2  3  4  5  6  7  8  9 10 |
---------------+-------------------------------+-----
Shields        | 4 5 6 7 8 9 |  9.3
Axes           | 3 4 6 8 9 |  9.4
Fighting       | 4 5 6 7 8 |  8.4
Armour         | 4 5 7 8 |  8.3
Maces & Flails | 2 3 4 |  4.1
Invocations    | 2 4 |  4.0
Throwing       | |  0.4

Action                   |  1- 3 |  4- 6 |  7- 9 | 10-12 || total
-------------------------+-------+-------+-------+-------++-------
Melee: War axe           |   106 |    87 |   534 |   151 ||   878
       Whip              |       |   149 |   255 |       ||   404
Throw: Tomahawk          |       |       |    10 |     4 ||    14
Invok: Convert to Beogh  |       |       |     1 |       ||     1
  Use: Potion            |     1 |     1 |    14 |       ||    16
       Scroll            |       |     5 |    14 |       ||    19
 Stab: Invisible         |       |       |     4 |       ||     4
  Eat: Chunk             |     1 |     8 |     5 |     3 ||    17
       Ration            |       |       |     5 |       ||     5
Armor: Scale mail        |    56 |   104 |   303 |    96 ||   559
       Skin              |       |       |    10 |       ||    10
Dodge: Dodged            |    32 |    69 |   195 |    37 ||   333
Block: Shield            |    83 |   121 |   338 |   109 ||   651
